AoeStats
← Khirs

Black Forest

507547956Analyzed
4v4 RM · 12d ago on Sep 18, 2026· 55m 58s· 8 players
Game mode
Random Map
Map size
Large (8 player)
Population
200
Speed
Normal
Resources
Standard
Victory
Conquest
Starting age
Dark Age
Ending age
Imperial Age
RankedLock teamsTeams togetherTeam positionsShared explorationLock speedFull tech treeHidden civsTurbo modeCheats
Victory
Defeat
🇪🇸 Teutons · Spain
764
+12
🇺🇸 Goths · United States
709
+15
🇫🇷 Cumans · France
697
+15
🇲🇦 Bohemians · Morocco
672
+16
🇹🇼 Huns · Taiwan
760
-18
🇯🇵 Vietnamese · Japan
712
-16
🇨🇱 Portuguese · Chile
621
-12
🇫🇷 Byzantines · France
621
-12
darthfunk85
24:44 Feudal Age
25:05 Horse Collar
25:42 Double-Bit Axe
25:20 Man-at-Arms
35:16 Bloodlines
38:27 Castle Age
36:16 Loom
37:16 Forging
37:14 Scale Barding Armor
37:21 Scale Mail Armor
38:43 Long Swordsman
39:24 Squires
38:50 Light Cavalry
40:24 Scale Barding Armor
40:37 Chain Mail Armor
41:21 Gold Mining
45:17 Iron Casting
58:31 Imperial Age
Point and Click
1:53 Loom
15:19 Feudal Age
15:43 Horse Collar
15:50 Double-Bit Axe
16:03 Gold Mining
23:34 Town Watch
27:23 Castle Age
25:30 Fletching
27:47 Stone Mining
27:28 Pikeman
28:09 Squires
27:32 Capped Ram
28:21 Thumb Ring
27:40 Crossbowman
29:14 Caravan
29:41 Heavy Plow
35:34 Elite Skirmisher
41:12 Imperial Age
39:31 Bodkin Arrow
39:47 Forging
39:44 Scale Barding Armor
43:04 Iron Casting
42:30 Padded Archer Armor
42:32 Scale Mail Armor
43:17 Crop Rotation
42:58 Bow Saw
42:55 Halberdier
46:12 Cavalier
53:06 Onager
56:26 Chemistry
Khirs
0:46 Loom
13:12 Feudal Age
14:06 Double-Bit Axe
14:30 Horse Collar
22:23 Castle Age
21:24 Scale Barding Armor
21:59 Gold Mining
22:18 Stone Mining
23:38 Heavy Plow
26:31 Chain Barding Armor
28:02 Bow Saw
37:57 Imperial Age
35:58 Fortified Wall
36:09 Ballistics
35:26 Pikeman
36:34 Forging
37:35 Wheelbarrow
38:20 Scale Mail Armor
39:10 Coinage
39:26 Conscription
39:58 Hand Cart
40:22 Stone Shaft Mining
39:56 Caravan
40:51 Ironclad
40:44 Fletching
41:31 Elite Teutonic Knight
43:09 Chain Mail Armor
44:01 Chemistry
44:32 Iron Casting
43:54 Bodkin Arrow
44:30 Plate Mail Armor
44:18 Masonry
45:01 Crenellations
47:07 Blast Furnace
46:10 Cavalier
47:35 Plate Barding Armor
48:05 Onager
49:55 Paladin
54:08 Banking
53:53 Siege Engineers
MONSTAR36
0:36 Loom
14:59 Feudal Age
16:37 Wheelbarrow
15:50 Horse Collar
17:28 Man-at-Arms
18:48 Double-Bit Axe
25:54 Castle Age
26:09 Crossbowman
29:47 Heavy Plow
30:12 Bow Saw
31:13 Pikeman
34:11 Elite Skirmisher
35:35 Hand Cart
35:39 Caravan
36:31 Town Watch
40:59 Imperial Age
38:47 Squires
41:02 Town Patrol
41:16 Scale Mail Armor
41:27 Forging
43:17 Two-Man Saw
43:24 Halberdier
45:22 Chemistry
44:42 Ballistics
44:32 Siege Engineers
45:59 Conscription
45:45 Wagenburg Tactics
45:01 Elite Hussite Wagon
47:12 Chain Mail Armor
47:32 Iron Casting
47:00 Houfnice
47:59 Arson
iFeeZ__Sigtryggr
17:51 Feudal Age
18:30 Feudal Age
21:13 Double-Bit Axe
30:20 Castle Age
39:30 Scale Barding Armor
39:36 Forging
39:18 Fletching
40:28 Bow Saw
aaaaa
0:30 Loom
11:44 Feudal Age
15:30 Man-at-Arms
19:36 Double-Bit Axe
27:39 Castle Age
31:59 Husbandry
32:09 Bloodlines
32:19 Scale Barding Armor
32:25 Forging
32:29 Bloodlines
35:43 Iron Casting
41:59 Imperial Age
41:58 Squires
42:29 Cavalier
47:39 Chain Barding Armor
47:32 Pikeman
47:32 Long Swordsman
48:59 Two-Handed Swordsman
49:38 Halberdier
53:19 Scale Mail Armor
店長
4:04 Loom
11:41 Feudal Age
20:16 Castle Age
18:22 Gold Mining
18:35 Padded Archer Armor
18:36 Horse Collar
18:52 Double-Bit Axe
20:16 Scale Mail Armor
21:26 Bow Saw
23:54 Heavy Plow
24:04 Crossbowman
27:13 Wheelbarrow
26:48 Thumb Ring
28:20 Hand Cart
32:30 Fletching
32:55 Leather Archer Armor
33:43 Pikeman
34:24 Squires
34:10 Arson
37:03 Imperial Age
35:15 Bodkin Arrow
35:37 Chain Mail Armor
35:33 Forging
35:53 Stone Mining
38:20 Stone Shaft Mining
39:49 Chemistry
40:00 Two-Man Saw
39:46 Ballistics
39:23 Arbalester
40:11 Town Watch
41:42 Ring Archer Armor
41:43 Plate Mail Armor
41:50 Iron Casting
42:27 Bombard Tower
42:33 Bracer
43:54 Crop Rotation
48:49 Paper Money
49:23 Halberdier
50:24 Elite Rattan Archer
51:26 Elite Rattan Archer
52:32 Elite Skirmisher
yoshiquecomiste
10:52 Loom
23:06 Feudal Age
24:52 Wheelbarrow
24:04 Horse Collar
24:12 Double-Bit Axe
29:46 Castle Age
29:51 Fletching
Connection lost

Rejoining the realm…

Still unreachable

The connection could not be restored.

Session expired

The server has moved on; the page needs a fresh start.